 Dungeon Crawl Stone Soup version 0.24-a0-584-g9d6b971ae4 (webtiles) character file.

Game seed: 6549838140743291701, levelgen mode: deterministic

377 Eightlegvermin the Magician (level 6, -2/36 HPs)
             Began as an Octopode Venom Mage on Aug 31, 2019.
             Slain by Blork the orc
             ... wielding a +0 halberd
              (12 damage)
             ... on level 4 of the Dungeon.
             The game lasted 00:18:30 (5399 turns).

Eightlegvermin the Magician (Octopode Venom Mage)   Turns: 5399, Time: 00:18:30

Health: -2/36      AC:  1    Str:  7    XL:     6   Next: 73%
Magic:  31/32      EV: 13    Int: 20    God:
Gold:   131        SH:  0    Dex: 12    Spells: 6/16 levels left

rFire    . . .     SeeInvis .   (no weapon)
rCold    . . .     Gourm    .   (no shield)
rNeg     . . .     Faith    .   (helmet restricted)
rPois    .         Spirit   .   (no amulet)
rElec    .         Reflect  .   e - ring of magical power
rCorr    .         Harm     .   f - ring of magical power
MR       .....                  (no ring)
Stlth    +++.......             (no ring)
HPRegen  0.12/turn              (no ring)
MPRegen  0.23/turn              (no ring)
                                (no ring)
                                (no ring)

@: no status effects
A: almost no armour, stealthy swim, amphibious, 8 rings, constrict 8, camouflage
1, gelatinous body 1
a: no special abilities


You were on level 4 of the Dungeon.
You were not hungry.

You visited 2 branches of the dungeon, and saw 5 of its levels.

You collected 131 gold pieces.

Inventory:

Missiles
 i - 6 curare-tipped darts (quivered)
Jewellery
 e - a ring of magical power (left tentacle)
 f - a ring of magical power (right tentacle)
Wands
 d - a wand of flame (19)
 h - a wand of polymorph (6)
Scrolls
 a - 2 scrolls of teleportation
 c - a scroll of magic mapping
 m - 4 scrolls of identify
Potions
 g - a potion of curing {unknown}
 j - 2 potions of lignification {unknown}
 k - 2 potions of heal wounds
 n - a potion of mutation
Comestibles
 b - 5 rations
 l - 5 chunks of flesh


   Skills:
 - Level 2.0 Dodging
 - Level 3.1 Stealth
 * Level 5.8 Spellcasting
 - Level 1.0 Conjurations
 + Level 4.9 Poison Magic


You had 6 spell levels left.
You knew the following spells:

 Your Spells              Type           Power        Failure   Level  Hunger
a - Sting                 Conj/Pois      ###.         3%          1    None
b - Mephitic Cloud        Conj/Pois/Air  ##......     14%         3    ##.....
c - Poisonous Vapours     Pois/Air       ###...       6%          2    None
d - Olgreb's Toxic Radia  Pois           ####....     14%         4    ####...

Your spell library contained the following spells:

 Spells                   Type           Power        Failure   Level  Hunger
 Venom Bolt               Conj/Pois      ###.......   65%         5    #####..


Dungeon Overview and Level Annotations

Branches:
Dungeon (4/15)             Temple (1/1) D:4

Altars:
Ashenzari
Elyvilon
Fedhas
Gozag
Hepliaklqana
Kikubaaqudgha
Makhleb
Qazlal
Ru
Trog
Uskayaw
Wu Jian
Xom
Yredelemnul

Annotations:
D:4 Blork the orc


Innate Abilities, Weirdness & Mutations

You cannot wear most types of armour.
You are very stealthy in the water. (Stealth+)
You are amphibious.
You can wear up to eight rings at the same time.
You can use your tentacles to constrict eight enemies at once.
Your skin changes colour to match your surroundings (Stealth+).
Your rubbery body absorbs attacks. (AC +1, EV +1)


Message History

Casting: Sting (safe; 3% risk of failure)
Confirm with . or Enter, or press ? or * to list all spells.
Aiming: Sting (safe; 3% risk of failure)
Press: ? - help, Shift-Dir - straight line, f - Blork the orc
Aim: Blork the orc, wielding a +0 halberd, wearing a +0 robe and carrying a wand of flame (21)
The sting hits Blork the orc.
Blork the orc is poisoned.
Blork the orc is lightly wounded.
Blork the orc zaps a wand.
The puff of flame misses you.
Casting: Sting (safe; 3% risk of failure)
Confirm with . or Enter, or press ? or * to list all spells.
Aiming: Sting (safe; 3% risk of failure)
Press: ? - help, Shift-Dir - straight line, f/p - Blork the orc
Aim: Blork the orc, wielding a +0 halberd, wearing a +0 robe and carrying a wand of flame (20) (lightly wounded, poisoned)
The sting hits Blork the orc.
Blork the orc looks even sicker.
Blork the orc is moderately wounded.
Blork the orc zaps a wand.
The puff of flame hits you!
Blork the orc zaps a wand.
The puff of flame hits you!
* * * LOW HITPOINT WARNING * * *
Blork the orc hits you with a +0 halberd!
You die...

...#.....#. .!.........
.......... ........!. .
# ....... . .#. ....# ..
... ..........#o.# ##...
..# .........#.@###.....
..# ........##.......#
..# #.....#.#.....####
..# ..#...P.P#.##..# .(#
#.#..##.##.....### #.#
##.#.P#...#P......#
#.###).#....o...........
#...<.[..P#...#P##.#...#
..#)##....##.#### ....##


You could see Blork the orc.

Vanquished Creatures
  A crimson imp (D:3)
  A hound (D:2)
  Jessica (D:3)
  Natasha (thrice) (D:3)
  6 adders
  7 gnolls
  2 worms (D:2)
  2 dart slugs
  5 leopard geckos
  5 orcs
  4 giant cockroaches
  4 goblins
  7 hobgoblins
  6 jackals
  11 bats
  3 frilled lizards (D:2)
  6 kobolds
  11 rats
85 creatures vanquished.

Vanquished Creatures (others)
  A minotaur (D:1)
  A draconian (D:1)
  2 octopodes (D:1)
  3 elves (D:1)
  A formicid (D:1)
  A vampire (D:1)
  A dwarf (D:1)
  An orc (D:1)
  A kobold (D:1)
  4 tentacles (D:1)
16 creatures vanquished.

Grand Total: 101 creatures vanquished

Notes
Turn   | Place    | Note
-------+----------+-------------------------------------------
     0 | D:1      | Eightlegvermin the Octopode Venom Mage began the quest for
                  | the Orb.
     0 | D:1      | Reached XP level 1. HP: 11/11 MP: 3/3
     0 | D:1      | Noticed an octopode
     0 | D:1      | Noticed an elf
     0 | D:1      | Noticed an elf
     0 | D:1      | Noticed a vampire
     0 | D:1      | Noticed a formicid
     0 | D:1      | Noticed a draconian
     0 | D:1      | Noticed a kraken
     0 | D:1      | Noticed an elf
     0 | D:1      | Noticed a dwarf
     0 | D:1      | Noticed an octopode
     0 | D:1      | Noticed a minotaur
     8 | D:1      | Killed an octopode
     8 | D:1      | Killed an octopode
     8 | D:1      | Killed an elf
    10 | D:1      | Killed a draconian
    11 | D:1      | Killed a vampire
    13 | D:1      | Killed an elf
    13 | D:1      | Killed a formicid
    14 | D:1      | Killed an elf
    14 | D:1      | Killed a dwarf
    15 | D:1      | Killed a minotaur
   540 | D:1      | Reached XP level 2. HP: 17/17 MP: 3/5
   839 | D:1      | Reached skill level 3 in Spellcasting
  1082 | D:1      | Reached XP level 3. HP: 19/21 MP: 5/7
  1404 | D:1      | Learned a level 3 spell: Mephitic Cloud
  1407 | D:1      | Learned a level 2 spell: Poisonous Vapours
  1931 | D:2      | Reached XP level 4. HP: 27/27 MP: 9/9
  2290 | D:2      | Reached skill level 4 in Spellcasting
  2694 | D:2      | Learned a level 4 spell: Olgreb's Toxic Radiance
  2701 | D:2      | Reached XP level 5. HP: 31/31 MP: 11/11
  3650 | D:3      | Reached skill level 5 in Spellcasting
  3654 | D:3      | Noticed Jessica
  3665 | D:3      | Killed Jessica
  3785 | D:3      | Reached XP level 6. HP: 34/36 MP: 13/13
  3851 | D:3      | Noticed Natasha
  3996 | D:3      | Killed Natasha
  4133 | D:3      | Noticed Natasha
  4141 | D:3      | Killed Natasha
  4641 | D:3      | Noticed Natasha
  4651 | D:3      | Killed Natasha
  4661 | D:4      | Noticed Blork the orc
  4755 | D:4      | Found a staircase to the Ecumenical Temple.
  4761 | Temple   | Entered the Ecumenical Temple
  5399 | D:4      | Slain by Blork the orc

Levels and vault maps discovered:
D:1:      nicolae_arrival_kraken_aquarium_a, layout_basic,
          minmay_misc_feat_doors, grunt_decor_one_mirror
D:2:      layout_loops_corners, first_ration
D:3:      layout_loops_ring, uniq_natasha, uniq_jessica
D:4:      layout_cave_pools, minmay_temple_entry_gardened_gates,
          uniq_blork_the_orc, uniq_crazy_yiuf_cottage
Temple:   zaba_magenta_temple

Skill      XL: |  1  2  3  4  5 |
---------------+----------------+-----
Spellcasting   | 3 4 5 |  5.8
Stealth        | 3 |  3.1
Poison Magic   | 4 |  4.9
Dodging        | |  2.0
Conjurations   | |  1.0

Action                   |  1- 3 |  4- 6 || total
-------------------------+-------+-------++-------
Melee: Unarmed           |    30 |    50 ||    80
       Constrict         |    10 |    13 ||    23
       Tentacles         |     6 |     6 ||    12
 Cast: Sting             |    49 |   154 ||   203
       Mephitic Cloud    |       |     4 ||     4
  Use: Scroll            |       |     8 ||     8
 Stab: Confused          |       |     2 ||     2
  Eat: Chunk             |     3 |     8 ||    11
       Ration            |       |     1 ||     1
Armor: Skin              |     2 |     2 ||     4
Dodge: Dodged            |    25 |    56 ||    81

Table legend:
 A = Non-vault XP
 B = Vault XP
 C = Vault XP percentage of total XP
 D = Non-vault monster count
 E = Vault monster count
 F = Vault count percentage of total count
                 A         B        C        D         E       F
            +---------+---------+-------+---------+---------+-------
      Total |     471 |      68 |  12.6 |      83 |       2 |   2.4
            +---------+---------+-------+---------+---------+-------
        D:1 |      35 |       0 |   0.0 |      21 |       0 |   0.0
        D:2 |     138 |       0 |   0.0 |      30 |       0 |   0.0
        D:3 |     278 |      68 |  19.7 |      29 |       2 |   6.5
        D:4 |      20 |       0 |   0.0 |       3 |       0 |   0.0
            +---------+---------+-------+---------+---------+-------
